 Dungeon Crawl Stone Soup version 0.26-a0-1177-g1209ec82b9 (webtiles) character file.

Game seed: 13627600472272067118

119 Zonian the Ducker (level 4, -1/22 HPs)
             Began as a Spriggan Transmuter on Dec 25, 2020.
             Killed by divine providence
             ... invoked by an orc priest
              (13 damage)
             ... on level 3 of the Dungeon.
             The game lasted 00:09:07 (3190 turns).

Zonian the Ducker (Spriggan Transmuter)             Turns: 3190, Time: 00:09:10

Health: -1/22      AC:  4    Str:  7    XL:     4   Next: 74%
Magic:  9/10       EV: 19    Int: 14    God:
Gold:   153        SH:  0    Dex: 16    Spells: 7/10 levels left

rFire    . . .     SeeInvis +   h - +1 short sword
rCold    . . .     Faith    .   (shield restricted)
rNeg     . . .     Spirit   .   a - +2 robe
rPois    .         Reflect  .   (helmet currently unavailable)
rElec    .         Harm     .   (no cloak)
rCorr    .         Rampage  .   (gloves unavailable)
Will     .....                  (boots unavailable)
Stlth    ++........             (no amulet)
HPRegen  0.07/turn              (no ring)
MPRegen  0.12/turn              (no ring)

@: appendages, very quick
A: very small, unfitting armour, horns 2, talons 2, see invisible, speed 3
a: End Transformation


You were on level 3 of the Dungeon.
You had grown temporary horns.
You had grown temporary talons.
You visited 1 branch of the dungeon, and saw 3 of its levels.

You collected 153 gold pieces.

Inventory:

Hand Weapons
 h - a +1 short sword (weapon)
 k - a +0 war axe
 l - a +0 hunting sling
Armour
 a - a +2 robe (worn)
 p - a +0 cloak
Jewellery
 f - an uncursed amulet of the acrobat {unknown}
 q - a cursed amulet of regeneration {unknown}
Scrolls
 d - a scroll of remove curse
 e - a scroll of noise {unknown}
Potions
 b - a potion of degeneration {unknown}
 c - 2 potions of lignification
 g - a potion of resistance {unknown}
 i - a potion of berserk rage {unknown}
 j - a potion of flight {unknown}
 m - a potion of curing
 n - 2 potions of heal wounds
 o - 2 potions of invisibility


   Skills:
 + Level 1.0 Fighting
 + Level 1.4 Short Blades
 + Level 3.8 Dodging
 + Level 1.6 Stealth
 + Level 3.1 Unarmed Combat
 + Level 3.7 Spellcasting
 + Level 3.5 Transmutations


You had 7 spell levels left.
You knew the following spells:

 Your Spells              Type           Power        Failure   Level
a - Beastly Appendage     Tmut           24%          4%          1
b - Wereblood             Tmut           12%          7%          2

Your spell library contained the following spells:

 Spells                   Type           Power        Failure   Level
 Animate Skeleton         Necr           4%           21%         1
 Apportation              Tloc           4%           21%         1
 Corona                   Hex            2%           21%         1
 Summon Small Mammal      Summ           8%           21%         1
 Spider Form              Tmut/Pois      3%           28%         3
 Ice Form                 Ice/Tmut       7%           67%         4
 Blade Hands              Tmut           6%           78%         5


Dungeon Overview and Level Annotations

Branches:
Dungeon (3/15)

Altars:
Hepliaklqana

Annotations:
D:2 Terence


Innate Abilities, Weirdness & Mutations

You are very small and have problems with some larger weapons.
You are too small for most types of armour.
You have supernaturally acute eyesight. (SInv)
You cover ground extremely quickly.
You have a pair of horns on your head.
You have razor-sharp toenails.


Message History

Casting: Beastly Appendage (safe; 4% risk of failure)
Confirm with . or Enter, or press ? or * to list all spells.
You grow a pair of large bovine horns.
Your feet morph into talons.
Unknown command.
You see here a +0 club.
The orc closely misses you.
You hit the orc. You headbutt the orc.
You kill the orc!
Unknown command.
Okay, then.
The orc priest shouts!
You hit the orc but do no damage. You punch the orc, but do no damage.
The orc closely misses you.
You hit the orc.
The orc is heavily wounded.
The orc closely misses you.
The orc priest invokes the aid of Beogh against you.
Beogh smites you!
Ouch! That really hurt!
You die...

.........# #.#
..........##.#
..####.......#
.......(.....#
.###.........###
...............###
#............o# ##
#.......##.#o# .#
#.....# #.#@# .#
##...# #.#)#
.#######..# #.#.#
.....)....# #.#####
#########.######§..#
# ##.##.§§§._.#
.#######...#§###...#
........#.....#####
..####...#####


You could see an orc priest and an orc.

Vanquished Creatures
  An orc priest (D:3)
  3 adders
  2 worms
  A leopard gecko (D:1)
  5 orcs (D:3)
  A giant cockroach (D:2)
  10 goblins
  6 hobgoblins
  2 jackals (D:3)
  A quokka (D:3)
  8 bats
  4 frilled lizards
  3 kobolds
  7 rats
54 creatures vanquished.

Notes
Turn   | Place    | Note
-------+----------+-------------------------------------------
     0 | D:1      | Zonian the Spriggan Transmuter began the quest for the Orb.
     0 | D:1      | Reached XP level 1. HP: 9/9 MP: 5/5
   274 | D:1      | Reached XP level 2. HP: 14/14 MP: 4/6
   299 | D:1      | Learned a level 2 spell: Wereblood
  1307 | D:2      | Reached XP level 3. HP: 17/17 MP: 5/8
  1336 | D:2      | Noticed Terence
  2469 | D:2      | Reached skill level 1 in Stealth
  2558 | D:3      | Reached skill level 1 in Fighting
  2558 | D:3      | Reached XP level 4. HP: 11/22 MP: 8/10
  2878 | D:3      | Found a hazy altar of Hepliaklqana.
  2939 | D:2      | Reached skill level 1 in Short Blades
  3190 | D:3      | Killed from afar by an orc priest

Illustrated notes

Levels and vault maps discovered:
D:1:      ncdulo_lavacross, layout_basic
D:2:      layout_rooms, minivault_25, uniq_terence
D:3:      layout_loops_ring, nzn_hepliaklqana_mist_gate, led_xom_imps

Skill      XL: |  1  2  3  4 |
---------------+-------------+-----
Spellcasting   | 3 |  3.7
Transmutations | 3 |  3.5
Unarmed Combat | 3 |  3.1
Stealth        | 1 |  1.6
Fighting       | 1 |  1.0
Short Blades   | 1 |  1.4
Dodging        | |  3.8

Action                   |  1- 3 |  4- 6 || total
-------------------------+-------+-------++-------
Melee: Unarmed           |    79 |       ||    79
       Kick              |    22 |    11 ||    33
       Headbutt          |    18 |    14 ||    32
       Short sword       |    38 |    58 ||    96
       Punch             |       |     1 ||     1
 Cast: Beastly Appendage |    26 |    14 ||    40
       Wereblood         |       |     1 ||     1
  Use: Scroll            |     9 |     2 ||    11
       Potion            |     1 |       ||     1
 Stab: Distracted        |     1 |       ||     1
       Sleeping          |       |     1 ||     1
Armor: Robe              |    11 |     5 ||    16
Dodge: Dodged            |    85 |    49 ||   134

Table legend: (Time is in decaauts)
 A = Elapsed time spent in this place.
 B = Non-inter-level travel time spent in this place.
 C = Inter-level travel time spent in this place.
 D = Time resting spent in this place.
 E = Time spent auto-exploring this place.
 F = Levels seen in this place.
 G = Mean time per level.
                   A        B        C        D        E       F      G
               +--------+--------+--------+--------+--------+-----+--------+
         Total |   2639 |   2568 |     71 |   1162 |    725 |   3 |  879.7 |
       Dungeon |   2639 |   2568 |     71 |   1162 |    725 |   3 |  879.7 |
               +--------+--------+--------+--------+--------+-----+--------+

Top non-repeatable levels by time:
     D:1: 1898 daAuts
     D:2: 452 daAuts
     D:3: 289 daAuts
